Map: Romanticide LE

Players

MissFanta (ThuocLao) - Winner!

  • Race: Protoss Protoss
  • Spawn Location: 11:00

RazerBlader

  • Race: Terran Terran
  • Spawn Location: 5:00

Event: DreamHack SC2 Masters 2020 Winter

VOD

Have the link to the VOD?

Description

Time

  • Played on: Oct. 10, 2020, 12:02 a.m.
  • Length: 14:13

All games in this series

Show
View Real Time Build Order
Export as new Build Order

MissFanta Protoss - Winner!

Build Orders: 1 Gate Expand, Colossus Rush 

Get SALT Encoding   

  12  0:00  Probe  
  13  0:12  Probe  
  14  0:19  Pylon  
  14  0:24  Probe  
  15  0:37  Probe (Chrono Boost)  
  15  0:38  Gateway  
  16  0:44  Assimilator  
  16  0:47  Probe (Chrono Boost)  
  17  0:52  Probe (Chrono Boost)  
  18  1:03  Probe  
  19  1:15  Probe  
  20  1:26  Cybernetics Core  
  20  1:27  Probe  
  21  1:39  Probe, Nexus  
  22  1:45  Pylon  
  22  1:53  Pylon  
  22  1:55  Probe, Assimilator  
  23  2:03  Warp Gate  
  23  2:08  Adept (Chrono Boost)  
  23  2:11  Probe  
  25  2:25  Probe  
  26  2:31  Stalker  
  28  2:37  Probe, Robotics Facility  
  29  2:50  Probe  
  30  2:52  Probe  
  30  2:57  Shield Battery  
  31  3:01  Stalker  
  31  3:02  Probe  
  34  3:30  Stalker  
  34  3:31  Probe, Observer  
  38  3:40  Probe  
  39  3:43  Robotics Bay  
  39  3:45  Probe  
  40  3:50  Gateway  
  40  3:52  Probe, Gateway  
  41  3:57  Probe  
  41  4:00  Stalker  
  41  4:01  Assimilator  
  41  4:02  Observer  
  45  4:04  Probe  
  45  4:09  Probe  
  45  4:16  Probe, Pylon  
  46  4:25  Pylon  
  46  4:28  Pylon, Nexus  
  46  4:30  Observer  
  46  4:33  Colossus (Chrono Boost)  
  46  4:34  Probe  
  46  4:37  Probe  
  54  4:47  Assimilator  
  54  4:50  Probe  
  55  4:57  Twilight Council  
  55  5:00  Probe (Chrono Boost)  
  55  5:03  Probe (Chrono Boost), Forge  
  55  5:05  Sentry  
  59  5:12  Extended Thermal Lance (Chrono Boost)  
  59  5:13  Probe (Chrono Boost)  
  61  5:15  Probe (Chrono Boost)  
  61  5:20  Probe x2 (Chrono Boost)  
  63  5:26  Pylon  
  63  5:27  Probe  
  64  5:29  Probe  
  64  5:32  Gateway  
  64  5:34  Gateway  
  64  5:35  Protoss Ground Armor Level 1 (Chrono Boost)  
  65  5:37  Charge (Chrono Boost)  
  65  5:39  Probe x2  
  65  5:41  Probe  
  68  5:47  Colossus  
  74  5:51  Probe  
  74  5:57  Probe x2  
  77  6:04  Probe  
  77  6:08  Zealot x2  
  82  6:11  Zealot  
  82  6:13  Pylon  
  82  6:16  Probe  
  82  6:17  Probe  
  82  6:18  Shield Battery  
  86  6:23  Probe  
  87  6:29  Gateway  
  87  6:30  Pylon  
  87  6:31  Pylon  
  87  6:38  Zealot x2  
  91  6:40  Probe  
  91  6:41  Probe  
  91  6:43  Disruptor  
  95  6:47  Probe  
  95  6:48  Photon Cannon  
  95  6:53  Zealot x2  
  100  6:55  Sentry  
  100  6:56  Probe  
  100  6:58  Pylon  
  103  7:02  Probe  
  103  7:04  Gateway  
  104  7:10  Probe  
  104  7:12  Assimilator  
  104  7:13  Zealot x4  
  104  7:15  Gateway  
  111  7:18  Disruptor  
  114  7:24  Zealot x2  
  108  7:41  Zealot x2  
  108  7:42  Zealot  
  94  7:47  Zealot x2  
  89  7:58  Blink (Chrono Boost)  
  89  7:59  Pylon  
  89  8:00  Pylon  
  89  8:02  Gateway  
  89  8:11  Stalker  
  89  8:12  Stalker x5  
  99  8:15  Colossus  
  105  8:26  Observer  
  99  8:31  Probe  
  99  8:33  Gateway  
  96  8:38  Stalker x3  
  96  8:39  Stalker x3  
  108  8:41  Protoss Ground Weapons Level 1 (Chrono Boost)  
  108  8:43  Probe x2  
  108  8:44  Probe  
  111  8:54  Nexus  
  111  8:56  Pylon  
  111  8:59  Zealot  
  111  9:01  Observer  
  113  9:02  Zealot x2  
  113  9:03  Zealot x3  
  87  9:18  Stalker  
  87  9:23  Stalker x2  
  87  9:24  Stalker x4  
  99  9:27  Forge  
  101  9:35  Probe  
  101  9:36  Probe x2  
  104  9:40  Assimilator  
  104  9:47  Probe  
  104  9:48  Probe  
  104  9:50  Stalker x3, Templar Archives  
  112  9:54  Sentry x3  
  112  9:55  Zealot  
  120  10:00  Probe x3  
  123  10:07  Zealot  
  123  10:09  Protoss Ground Armor Level 2 (Chrono Boost)  
  124  10:21  Pylon  
  124  10:23  Zealot x6  
  124  10:24  Zealot  
  138  10:30  Pylon  
  138  10:35  Photon Cannon  
  138  10:37  Photon Cannon  
  138  10:42  Gateway  
  138  10:43  Gateway  
  138  10:46  High Templar x2  
  138  10:47  High Templar  
  138  10:48  Zealot  
  138  10:49  Zealot, High Templar  
  150  10:50  Zealot x2  
  150  10:52  Protoss Ground Weapons Level 2 (Chrono Boost), Archon  
  150  10:53  Archon  
  150  10:54  Probe x4  
  158  11:05  Assimilator  
  158  11:11  Assimilator  
  158  11:12  Zealot x3  
  164  11:20  Psionic Storm  
  164  11:23  High Templar  
  164  11:30  Pylon  
  164  11:31  Pylon  
  164  11:33  Pylon  
  164  11:35  Pylon  
  164  11:44  Robotics Facility  
  164  11:49  Probe  
  164  11:53  Zealot x7  
  164  11:54  Zealot x2  
  163  12:02  High Templar  
  165  12:10  Probe  
  165  12:11  Disruptor  
  167  12:16  Zealot x4  
  167  12:17  Zealot x4  
  167  12:22  High Templar  
  165  12:50  Pylon, Nexus  
  143  12:54  Zealot  
  143  12:55  Stalker x3, Zealot x4  
  143  12:56  Stalker x2  
  151  13:00  Immortal x2 (Chrono Boost)  
  151  13:02  Probe  
  158  13:10  Dark Shrine  
  158  13:11  Pylon  
  158  13:15  Archon  
  144  13:25  Zealot x6  
  144  13:26  Zealot x4  
  160  13:34  Warp Prism  
  160  13:36  Observer  
  163  13:48  High Templar x4  
  163  13:49  Photon Cannon  
  163  13:51  High Templar x2  
  163  13:52  Pylon, High Templar  
Show
View Real Time Build Order
Export as new Build Order

RazerBlader Terran 

Build Orders: Reaper Expand 

Get SALT Encoding   

  12  0:00  SCV  
  13  0:12  SCV  
  14  0:17  Supply Depot  
  14  0:24  SCV  
  15  0:38  SCV  
  15  0:39  Barracks  
  16  0:43  Refinery  
  16  0:50  SCV  
  17  1:02  SCV  
  18  1:15  SCV  
  19  1:27  Reaper, Orbital Command  
  20  1:48  Command Center  
  20  1:53  SCV  
  21  1:59  Bunker  
  22  2:04  Supply Depot, Marine  
  22  2:08  SCV  
  23  2:15  Factory  
  23  2:25  SCV, Refinery  
  23  2:26  Barracks Reactor  
  24  2:37  SCV  
  25  2:49  SCV  
  26  3:01  SCV  
  26  3:02  Hellion, Starport  
  26  3:04  Marine x2  
  31  3:06  Orbital Command  
  31  3:13  SCV  
  32  3:26  SCV  
  33  3:27  Factory Tech Lab  
  33  3:28  Marine x2  
  35  3:38  SCV  
  35  3:43  SCV  
  35  3:44  Barracks  
  35  3:47  Supply Depot  
  36  3:49  Marine x2  
  36  3:50  SCV  
  36  3:54  Raven, Factory Tech Lab  
  41  3:56  SCV  
  41  4:02  SCV, Supply Depot  
  43  4:08  SCV  
  44  4:13  Marine x2  
  44  4:14  SCV, Siege Tank  
  50  4:19  Barracks  
  50  4:20  SCV  
  51  4:25  Supply Depot  
  51  4:26  SCV  
  52  4:32  SCV, Marine x2  
  54  4:38  SCV  
  54  4:40  Refinery  
  54  4:41  Engineering Bay  
  54  4:45  SCV  
  56  4:46  Stimpack, Marauder  
  56  4:52  Refinery  
  58  4:53  Siege Tank  
  58  4:55  Marine  
  62  5:01  SCV  
  62  5:02  SCV  
  62  5:04  Supply Depot  
  64  5:08  Supply Depot  
  64  5:09  Terran Infantry Weapons Level 1  
  64  5:11  Marine  
  64  5:12  Marine  
  64  5:13  SCV  
  67  5:14  Marauder  
  67  5:16  Barracks Tech Lab  
  67  5:19  SCV  
  67  5:21  Starport Reactor  
  70  5:25  SCV  
  71  5:31  SCV  
  71  5:32  Marine x2  
  71  5:34  Siege Tank  
  77  5:38  SCV  
  77  5:40  Marauder  
  77  5:42  Marauder  
  82  5:43  SCV  
  82  5:48  Supply Depot  
  82  5:49  Combat Shield  
  83  5:50  SCV  
  83  5:51  Marine x2  
  83  5:55  Supply Depot  
  86  6:03  Supply Depot  
  86  6:09  Medivac x2  
  86  6:10  Marauder  
  93  6:11  Marine  
  93  6:16  Supply Depot, Marine  
  93  6:17  Marauder  
  97  6:19  SCV  
  97  6:21  Siege Tank  
  100  6:25  Supply Depot  
  100  6:28  Concussive Shells  
  100  6:31  SCV, Marauder  
  103  6:33  Marine  
  103  6:38  Marauder  
  106  6:52  Marine x2  
  106  6:53  Command Center, Marauder  
  110  6:55  Liberator  
  110  7:00  Supply Depot  
  113  7:04  Liberator  
  116  7:10  Supply Depot  
  116  7:12  Siege Tank  
  119  7:27  Marine x2  
  119  7:28  Marauder  
  121  7:31  Marine  
  109  7:45  Widow Mine  
  109  7:46  Liberator  
  109  7:49  Marauder  
  109  7:50  Marauder, Marine x2  
  114  7:54  Barracks x2  
  114  7:57  SCV  
  107  8:00  Liberator  
  107  8:03  SCV  
  111  8:06  Siege Tank  
  114  8:16  Marauder, Marine x2  
  114  8:19  Terran Infantry Armor Level 1  
  120  8:21  Orbital Command  
  120  8:22  Supply Depot  
  120  8:25  Marine  
  106  8:33  Marine  
  106  8:34  Marine  
  106  8:38  Marauder  
  106  8:40  Siege Tank  
  111  8:43  Marauder  
  111  8:45  SCV  
  111  8:46  SCV x2  
  115  8:51  Marine, Liberator  
  115  8:53  Marine  
  115  8:58  Barracks Reactor, Barracks Tech Lab  
  115  8:59  SCV, Marauder  
  115  9:01  Refinery  
  118  9:03  SCV  
  118  9:04  Marine  
  109  9:14  Marine x2  
  109  9:16  Marine  
  97  9:21  Marauder  
  97  9:22  Marauder  
  99  9:29  SCV x2  
  101  9:32  SCV, Marine  
  101  9:33  Armory  
  101  9:34  Marauder  
  101  9:36  Engineering Bay  
  105  9:41  SCV  
  105  9:42  Marauder  
  105  9:45  Marine x2  
  112  9:46  Marauder  
  112  9:47  Siege Tank  
  112  9:48  SCV  
  112  9:52  Refinery  
  116  9:53  Marine  
  116  9:54  Medivac  
  116  9:56  SCV, Marauder  
  85  10:00  Medivac  
  122  10:03  Marauder, Marine  
  122  10:05  SCV  
  130  10:07  Marauder  
  127  10:14  Marine  
  127  10:15  Marine  
  127  10:17  SCV, Marauder  
  132  10:25  Marauder  
  132  10:26  Marine  
  137  10:28  Marauder  
  137  10:31  Terran Infantry Weapons Level 2  
  137  10:32  Terran Infantry Armor Level 2  
  137  10:33  Terran Vehicle Weapons Level 1  
  137  10:34  Marine  
  138  10:38  Marauder, Command Center  
  138  10:39  Marine  
  138  10:40  Marine  
  138  10:42  Supply Depot, Sensor Tower  
  142  10:47  Siege Tank  
  142  10:48  Marine  
  146  10:52  Supply Depot  
  146  10:57  Marauder, Marine x2  
  146  10:59  Marine x2  
  146  11:00  Marauder  
  146  11:04  Supply Depot  
  154  11:05  Supply Depot  
  154  11:06  Missile Turret  
  154  11:07  Viking, Missile Turret  
  154  11:11  Viking  
  157  11:22  Marauder, Marine x2  
  157  11:23  Marauder  
  163  11:26  Siege Tank  
  166  11:35  Marine x2  
  166  11:36  Marauder  
  170  11:42  Marine  
  170  11:43  Viking  
  170  11:44  Marauder x2  
  170  11:46  Viking  
  179  11:47  Marine  
  179  11:52  Missile Turret  
  179  11:53  Marine x2  
  179  11:57  Marauder  
  179  12:00  Marine  
  166  12:05  Marauder, Marine x2  
  169  12:10  Marine  
  169  12:11  Marine  
  165  12:16  SCV  
  165  12:17  SCV x2  
  165  12:18  Marauder, Marine  
  166  12:23  Marauder, Marine  
  166  12:27  Marauder  
  166  12:28  SCV, Marine  
  166  12:29  SCV, Marine  
  174  12:36  Marine  
  175  12:40  Marauder  
  175  12:41  Marine  
  146  12:45  Marauder  
  146  12:46  Marine x2  
  146  12:48  Marauder  
  127  12:54  Marine  
  107  12:59  Viking, Marine  
  107  13:01  Marauder  
  107  13:02  SCV x2  
  107  13:04  Viking, Marine x2  
  114  13:06  Marauder, Siege Tank  
  114  13:07  SCV  
  114  13:09  Marauder  
  114  13:11  Marine  
  123  13:14  SCV, Ghost Academy  
  123  13:16  Marine  
  103  13:22  Marine x3  
  93  13:27  Marauder  
  93  13:29  Marine  
  93  13:30  Marine  
  93  13:33  SCV  
  99  13:34  Marine  
  99  13:35  SCV  
  99  13:39  Marine  
  99  13:40  Marauder, Marine  
  105  13:47  Marine  
  108  13:49  Marauder  
  108  13:52  Marine  
  112  14:00  SCV  
  110  14:03  Factory Reactor  
  110  14:06  Starport  
Tags
 
Add a new tag
Caveats
  • Supply blocks, unpowered buildings, or Contaminate may cause inaccurate times.
  • Supply counts are checked every 10 seconds.